[Event "10th Cherry Blossom Classic 2023"]
[Site "Dulles"]
[Date "2023.05.30"]
[Round "9.3"]
[White "Khanin, Semen"]
[Black "Burke, John M"]
[Result "1/2-1/2"]
[ECO "D85"]
[WhiteElo "2566"]
[BlackElo "2583"]
[Annotator "TA"]
[PlyCount "55"]
[EventDate "2023.05.24"]
[EventType "swiss"]
[EventCountry "USA"]
[SourceTitle "playchess.com"]
[Source "ChessBase"]
[SourceQuality "1"]
[TimeControl "5400+30"]

1. d4 Nf6 2. c4 g6 3. Nc3 d5 4. cxd5 Nxd5 5. Bd2 Bg7 6. e4 Nxc3 7. Bxc3 O-O 8. Qd2 c5 {[%emt 0:01:15][%cal Rc5d4] D85: Exchange Grünfeld: Unusual White 7th moves and lines with 7 Nf3.} 9. d5 Bxc3 10. bxc3 Qd6 {[%emt 0:00:49] White has an edge.} 11. f4 e6 {[%emt 0:00:40] The position is equal.} 12. Nf3 exd5 13. Bc4 d4 {[%emt 0:02:00] [#]} 14. cxd4 $146 ({Predecessor:} 14. O-O Nc6 15. Ng5 Kg7 16. Rae1 Qe7 17. Nxf7 Rxf7 18. Bxf7 Qxf7 19. f5 gxf5 20. exf5 {½-½ Bitan,B (2395)-Dukic,Z (2218) Calgary 13th 2022 (2)}) 14... cxd4 15. O-O {[%emt 0:00:18] Threatening f5.} (15. f5 {is interesting.} gxf5 16. O-O Nc6 17. Rae1) 15... Nc6 {[%emt 0:04:17][%cal Bb8c6,Bc6e5,Be5g4,Bg4e3][%mdl 32] [#]} 16. f5 $1 {[%emt 0:15:25] Inhibits Be6.} gxf5 17. Rae1 fxe4 18. Ng5 Ne5 19. Bb3 Ng4 20. Qf4 {[%emt 0:19:09] The board is on fire.} Qxf4 21. Rxf4 Ne3 22. Nxf7 {[%emt 0:05:26] Strongly threatening Nd6+.} Bf5 {[%emt 0:06:10] [#]} 23. Rxe3 $1 dxe3 24. Rxf5 Kg7 25. Kf1 {[%emt 0:02:20][%mdl 1024] White has compensation.} Rad8 {[%emt 0:02:43] ...Rd2 is the strong threat.} 26. Ke2 {[%emt 0:04:44] And now Rg5+ would win.} Rd2+ 27. Kxe3 Rxg2 28. Rh5 {[%emt 0:03:06] A rather calm draw.   Weighted Error Value: White=0.03 (flawless) /Black=0.02 (flawless)} 1/2-1/2

[Event "10th Cherry Blossom Classic 2023"]
[Site "Dulles"]
[Date "2023.05.29"]
[Round "9.4"]
[White "Hilby, Craig"]
[Black "Kantor, Gergely"]
[Result "1/2-1/2"]
[ECO "C48"]
[WhiteElo "2401"]
[BlackElo "2535"]
[Annotator "TA"]
[PlyCount "50"]
[EventDate "2023.05.24"]
[EventType "swiss"]
[EventCountry "USA"]
[SourceTitle "playchess.com"]
[Source "ChessBase"]
[SourceQuality "1"]
[TimeControl "5400+30"]

1. e4 e5 2. Nf3 Nc6 3. Nc3 Nf6 4. Bb5 Nd4 5. Bc4 Bc5 6. Nxe5 Qe7 {[%emt 0:02:07] C48: Four Knights: 4 Bb5, replies other than 4...Bb4.} 7. Nf3 (7. Bxf7+ Kf8 8. Nd3 (8. f4 $2 d6 $19) 8... Kxf7 $17) 7... d5 $1 {[%emt 0:02:28] Against d3} ({Weaker is} 7... Nxe4 8. Nd5 Nxf3+ 9. gxf3 $16 (9. Qxf3 Ng5+ $11)) 8. Bxd5 Bg4 {[%emt 0:05:26] aiming for ...Nxd5. White is slightly better.} 9. d3 (9. Bxb7 $2 Rb8 10. d3 Rxb7 $19) 9... O-O-O {[%emt 0:04:50] [#]} 10. Be3 $1 Nxd5 11. Nxd5 ({Stronger than} 11. exd5 Bxf3 12. gxf3 Nf5 $15) 11... Rxd5 12. exd5 {[%emt 0:00:21] Kd2 is the strong threat.} Re8 {[%emt 0:01:54] Strongly threatening ...Qf6.} 13. c3 (13. O-O $14 Bxf3 14. gxf3) 13... Nxf3+ $11 {[%emt 0:13:28] The position is equal.} 14. gxf3 Qh4 15. Kd2 Rxe3 $1 {[%emt 0:01:47][%mdl 64] [#] Remove Defender} 16. fxe3 Qf2+ 17. Kc1 Bxf3 18. Qe1 Bxe3+ {[%emt 0:02:13] A strong pair of Bishops.} 19. Kb1 {[%emt 0:00:09] Qxf2 would be deadly.} Bxh1 20. Qxh1 {[%emt 0:00:11][%mdl 4096] Endgame KQR-KQB} Qe2 $1 {[%emt 0:02:40][%cal Re2d3] [#]} 21. a4 $146 {[%emt 0:00:08] Threatens to win with Qe4.} ({Predecessor:} 21. a3) 21... Qxd3+ 22. Ka2 Qc4+ 23. Kb1 Qd3+ 24. Ka2 Qc4+ 25. Kb1 Qd3+ {[%emt 0:00:52] An exciting game.   Weighted Error Value: White=0.06 (flawless) /Black=0.04 (flawless)} 1/2-1/2

[Event "10th Cherry Blossom Classic 2023"]
[Site "Dulles"]
[Date "2023.05.29"]
[Round "9.5"]
[White "Stearman, Josiah"]
[Black "Bora, Safal"]
[Result "1/2-1/2"]
[ECO "C13"]
[WhiteElo "2385"]
[BlackElo "2462"]
[Annotator "TA"]
[PlyCount "43"]
[EventDate "2023.05.24"]
[EventType "swiss"]
[EventCountry "USA"]
[SourceTitle "playchess.com"]
[Source "ChessBase"]
[SourceQuality "1"]
[TimeControl "5400+30"]

1. e4 e6 2. d4 d5 3. Nc3 Nf6 4. Bg5 dxe4 5. Nxe4 Be7 6. Bxf6 gxf6 7. Nf3 f5 8. Nc3 a6 {[%emt 0:00:08] C13: French: Classical System: 4 Bg5 Be7, Alekhine-Chatard Attack.} 9. g3 b5 {[%emt 0:04:33] The position is equal.} 10. Bg2 {[%emt 0:00:00] [#] Ne5 is the strong threat.} Bb7 11. O-O {[%emt 0:00:00][%cal Od4d5] Black should prevent d5!} Bf6 12. Re1 O-O 13. Ne5 Bxg2 14. Kxg2 Bxe5 15. Qf3 Nc6 16. dxe5 Nd4 {[%emt 0:00:04][%csl LRc2,LRf3] [#]} 17. Qh5 $146 {[%emt 0:00:00] Threatens to win with Rad1.} ({Predecessor:} 17. Qf4 c5 18. Rad1 Qe7 19. Rd2 Rad8 20. Ne2 Qb7+ 21. Kh3 Nf3 22. Rxd8 Rxd8 23. Ng1 Nxg1+ 24. Rxg1 {0-1 Moradi,A (2365)-Rastbod,A (2287) Avicenna op 16th 2019 (7)}) 17... c5 18. Rad1 {[%emt 0:00:00] Strongly threatening Ne2.} Qe7 19. Ne2 Nxc2 20. Rd7 {[%emt 0:00:00][%mdl 64] [#] Deflection} Nxe1+ (20... Ne3+ $11 21. fxe3 Qxd7 22. Qg5+ Kh8 23. Qf6+ Kg8 24. Qg5+ Kh8 25. Qf6+ Kg8 26. Qg5+) 21. Kf1 $19 Qxd7 22. Qg5+ {[%emt 0:00:00][%mdl 32768] Weighted Error Value: White=0.03 (flawless) /Black=0.00 (flawless) . An unexpected result.} 1/2-1/2

[Event "10th Cherry Blossom Classic 2023"]
[Site "Dulles"]
[Date "2023.05.30"]
[Round "9.6"]
[White "Druska, Juraj"]
[Black "Roselli Mailhe, Bernardo"]
[Result "1-0"]
[ECO "B50"]
[WhiteElo "2496"]
[BlackElo "2380"]
[Annotator "TA"]
[PlyCount "95"]
[EventDate "2023.05.24"]
[EventType "swiss"]
[EventCountry "USA"]
[SourceTitle "playchess.com"]
[Source "ChessBase"]
[SourceQuality "1"]
[TimeControl "5400+30"]

1. e4 c5 2. Nf3 e6 3. b3 Nc6 4. Bb2 d6 5. d4 cxd4 6. Nxd4 Nf6 7. Nc3 {[%emt 0:00:11] B50: Sicilian: 2...d6, Miscellaneous.} Be7 8. Qd2 O-O 9. O-O-O {[%emt 0:00:35] The position is equal.} a6 10. Kb1 Bd7 11. f3 Qc7 12. g4 Nxd4 13. Qxd4 {[%emt 0:00:09] [#]} Rfc8 $146 (13... b5 $11) ({Predecessor:} 13... Rfd8 14. g5 Ne8 15. h4 e5 16. Qd2 Be6 17. Bh3 b5 18. Nd5 Bxd5 19. Qxd5 Rab8 {1-0 Hossain,E (2426)-Hamid,R (1874) Joytu Sheikh Hasina Online op 2020 (1)}) 14. g5 $1 $16 Nh5 15. f4 Bc6 (15... b5 $11) 16. Qd2 {[%emt 0:26:24] White is more active.} (16. f5 $5 ) 16... d5 17. exd5 exd5 {[%emt 0:00:03] ...d4 is the strong threat.} 18. Ne2 {[%emt 0:00:30] Bh3 would be deadly.} d4 19. Rg1 Bf3 20. Rc1 (20. Re1 {with more complications.} d3 21. cxd3 a5 22. Rc1) 20... Rd8 21. Nxd4 {[%emt 0:06:31] And now Bd3 would win.} Nxf4 (21... Qxf4 $2 22. Qxf4 Nxf4 23. Nxf3 $18) 22. Qe3 $1 Bh5 23. Nf5 Bf8 (23... Bd6 $16) 24. Be5 $1 $18 Qc5 {[%emt 0:01:08] [#] Strongly threatening ...Ng6.} 25. Nh6+ $1 gxh6 $16 26. Qxf4 (26. Bxf4 Qxe3 27. Bxe3 Ba3 $14) 26... Bd6 (26... Qxg1 $2 27. Qf6 hxg5 28. Qh8#) 27. Bxd6 Qxd6 (27... Qxg1 $2 28. Be2 Qb6 29. Bc7 $18 (29. Bxh5 Qxd6 30. Qxf7+ Kh8 $11)) 28. gxh6+ Bg6 29. Qg5 {[%emt 0:02:21] Hoping for h4.} Qd2 30. Bc4 ({White should try} 30. h4) 30... Qxg5 31. Rxg5 Rd2 {[%emt 0:00:12] [#]} (31... Rd4 $16 {was necessary.}) 32. Rf1 (32. h4 $1 $18 {[%cal Rh4h5] Black must now prevent h5.} Rh2 33. Bd5) 32... Rf8 $2 {[%emt 0:01:12] [#]} (32... Kh8 $11 {and Black has nothing to worry.}) 33. h4 $1 $36 {[%emt 0:00:28][%mdl 2048] aiming for h5. White is on the roll.} Rh2 34. Rf4 Kh8 35. Bd3 Bxd3 36. cxd3 $16 {[%emt 0:00:01][%mdl 4096] Endgame KRR-KRR} Re8 37. Rg1 {[%emt 0:00:25] Repels Re1+} (37. Rxf7 $2 Re1#) 37... b5 38. d4 Ree2 $2 (38... f5 $16 {might work better.} 39. Rc1 (39. Rxf5 Rxh4 40. Rf6 Rxd4 $16) 39... Kg8) 39. Rxf7 $18 Rhf2 $2 (39... Rb2+ 40. Kc1 Rbc2+ 41. Kd1 (41. Kb1 Rb2+ 42. Kc1 Rbc2+ 43. Kb1 Rb2+ $18) 41... Rcd2+ 42. Ke1 Rhe2+ 43. Kf1 Re8) 40. Rxf2 Rxf2 {[%emt 0:00:02] KR-KR} 41. Rc1 {[%emt 0:00:44] Threatening mate with Rc8+.} Kg8 42. h5 Rd2 43. Rc8+ {[%emt 0:00:07] White is clearly winning.} Kf7 44. Rc7+ Kf6 (44... Kf8 $142 45. Rxh7 Kg8) 45. Rxh7 Rxd4 46. Ra7 Rh4 47. Rxa6+ Ke5 48. Ra5 {[%emt 0:00:32] Weighted Error Value: White=0.19 (very precise) /Black=0.46} 1-0

[Event "10th Cherry Blossom Classic 2023"]
[Site "Dulles"]
[Date "2023.05.29"]
[Round "9.7"]
[White "Marjanovic, Annamaria"]
[Black "Sriniaiyer, Sudarshan"]
[Result "1/2-1/2"]
[ECO "E16"]
[WhiteElo "2273"]
[BlackElo "2211"]
[Annotator "TA"]
[PlyCount "32"]
[EventDate "2023.05.24"]
[EventType "swiss"]
[EventCountry "USA"]
[SourceTitle "playchess.com"]
[Source "ChessBase"]
[SourceQuality "1"]
[TimeControl "5400+30"]

1. d4 Nf6 2. c4 e6 3. g3 d5 4. Bg2 Bb4+ 5. Nd2 O-O 6. Ngf3 b6 7. O-O Bb7 8. cxd5 exd5 9. a3 Be7 10. Nb1 {[%emt 0:01:09] E16: Queen's Indian: 4 g3 Bb7 5 Bg2 Bb4+.} Re8 11. Nc3 c5 12. Bf4 {[%emt 0:06:00] [#]} Ne4 $146 ({Predecessor:} 12... Nc6 13. Nb5 Rc8 14. Bh3 Ba6 15. Bxc8 Bxb5 16. Bh3 Bd6 17. Be3 h6 18. Re1 Na5 19. Nd2 Qe7 {½-½ Mutzbauer,O (1492)-Hegel,P (1574) Unterfranken-ch HT 61th 2010 (4)}) 13. Rc1 Nxc3 14. Rxc3 c4 (14... Nd7 $11) 15. Nd2 {[%emt 0:27:04] White is more active.} (15. b3 $14) 15... b5 16. e4 dxe4 {[%emt 0:05:28] Not much happened in this game.   Weighted Error Value: White=0.25 (precise) /Black=0.19 (very precise)} 1/2-1/2

[Event "10th Cherry Blossom Classic 2023"]
[Site "Dulles"]
[Date "2023.05.30"]
[Round "9.8"]
[White "Tanenbaum, Zachary"]
[Black "Prabhu, Naveen"]
[Result "1-0"]
[ECO "B13"]
[WhiteElo "2261"]
[BlackElo "2138"]
[Annotator "TA"]
[PlyCount "119"]
[EventDate "2023.05.24"]
[EventType "swiss"]
[EventCountry "USA"]
[SourceTitle "playchess.com"]
[Source "ChessBase"]
[SourceQuality "1"]
[TimeControl "5400+30"]

1. e4 c6 2. d4 d5 3. exd5 cxd5 4. Bd3 Nc6 5. c3 Nf6 6. Bf4 Bg4 7. Qb3 Qd7 8. Nd2 e6 9. Ngf3 Bd6 {[%emt 0:00:12] is recently more successful than 9...Bxf3.} 10. Bxd6 Qxd6 11. O-O {[%emt 0:00:08] B13: Caro-Kann: Exchange Variation and Panov-Botvinnik Attack.} O-O 12. Rfe1 Ne7 13. Ne5 {[%emt 0:00:02] White is slightly better.} (13. Qxb7 Rfb8 14. Qa6 Qxa6 15. Bxa6 Rxb2 $15) 13... Bf5 14. Bxf5 (14. Qxb7 $2 {too greedy.} Bxd3 15. Qb4 (15. Nxd3 $2 {perishes.} Rfb8 $19) 15... Qxb4 16. cxb4 Bc2 $19) 14... Nxf5 15. Qxb7 Rab8 16. Qxa7 {[%emt 0:00:03] Black must now prevent Nb3.} Rxb2 17. Nb3 h5 18. h3 Rc2 {[%emt 0:07:49] [#]} 19. Rac1 $146 ({Predecessor:} 19. Nc5 Ne4 20. Rac1 Rxc1 21. Rxc1 Nxc5 22. Qxc5 Qa6 23. Ra1 Rc8 24. Qb4 f6 25. Nd7 {½-½ Rivas Maceda,J (2341)-Tiemann,H (2310) WLS/SRCCC/19/D1 2019 [3]}) 19... Rxc1 20. Rxc1 Ne4 21. Nd3 Qd8 22. Ndc5 Qg5 23. Nxe4 dxe4 24. Qb7 e3 25. Qf3 Nh4 26. Qg3 (26. Qxe3 $2 Qxg2#) 26... exf2+ 27. Kxf2 Qf5+ 28. Kg1 Ng6 29. Nc5 Nf4 {[%emt 0:05:41] And now ...Ne2+ would win.} 30. Qf3 {[%emt 0:01:30] Inhibits Ne2+.} (30. Re1 $16) 30... Rb8 $14 31. Rf1 $36 {[%emt 0:06:38][%mdl 2048] White has the initiative.} Rb1 $2 (31... g5 $14) 32. Kh2 $1 $18 {[%emt 0:04:52] aiming for Rxb1.} Rxf1 33. Qxf1 {[%emt 0:00:02][%mdl 4096] Endgame KQN-KQN} g5 34. Qf3 g4 35. Qa8+ Kg7 36. Qe4 ({Stronger than} 36. hxg4 Qxg4 37. Qe4 Kh6 $11) 36... Qg5 $2 (36... Qxe4 37. Nxe4 f5) 37. Qe5+ $1 Qxe5 38. dxe5 gxh3 39. gxh3 {[%emt 0:00:46] KN-KN} Nd5 40. Ne4 Kg6 41. c4 Nb4 {[%emt 0:01:32] [#]} 42. a4 {[%emt 0:03:52][%cal Ba2a4,Ba4a5,Ba5a6][%mdl 32] Nd6 would be deadly.} Nc6 $2 {[%emt 0:00:52] [#] This move loses the game for Black.} (42... h4 $16 {was necessary.}) 43. Nd6 $1 Nxe5 $2 (43... h4 44. Kg2 Kg5 45. Nxf7+ Kf4) 44. a5 {[%emt 0:00:13] Hoping for a6.} Nc6 45. a6 Kf6 46. Kg3 e5 47. Nb5 {[%emt 0:00:28] White mates.} Kf5 48. Kf3 Ke6 49. a7 Nxa7 50. Nxa7 {[%emt 0:00:02] KN-K3P} f5 51. Nb5 Kd7 52. h4 Kc6 53. Nc3 Kc5 54. Nd5 f4 55. Ke4 Kxc4 56. Nf6 f3 57. Kxf3 Kd3 58. Nxh5 e4+ 59. Kf4 e3 60. Ng3 {[%emt 0:00:01] Weighted Error Value: White=0.06 (flawless) /Black=0.30} 1-0

[Event "10th Cherry Blossom Classic 2023"]
[Site "Dulles"]
[Date "2023.05.29"]
[Round "9.9"]
[White "Morefield, Jason"]
[Black "Girsh, Daniel"]
[Result "1-0"]
[ECO "B92"]
[WhiteElo "2167"]
[BlackElo "2123"]
[Annotator "TA"]
[PlyCount "63"]
[EventDate "2023.05.24"]
[EventType "swiss"]
[EventCountry "USA"]
[SourceTitle "playchess.com"]
[Source "ChessBase"]
[SourceQuality "1"]
[TimeControl "5400+30"]

1. e4 c5 2. Nf3 d6 3. d4 cxd4 4. Nxd4 Nf6 5. Nc3 a6 6. Be2 e5 7. Nb3 Be6 8. f4 Nc6 {[%emt 0:00:06] B92: Sicilian Najdorf: 6 Be2.} 9. f5 Bd7 {[%emt 0:00:05] [#]} (9... Bxb3 $14 10. axb3 Rc8) 10. Be3 {[%emt 0:01:44] [#]} ({White should play} 10. Bg5 $1 $16) 10... Na5 $146 {[%emt 0:03:17] White is slightly better.} ({Predecessor:} 10... b5 11. Bf3 Be7 12. g4 h6 13. Qd2 Rc8 14. O-O-O Na5 15. Nxa5 Qxa5 16. Kb1 b4 {1-0 Bienias,P (1898)-Szmacinski,S (1857) POL-chT 2nd League 2021 (4.12)}) 11. Nd2 {[%emt 0:06:55] White is more active.} Rc8 12. O-O Rxc3 13. bxc3 $16 d5 14. Bf3 Bc6 (14... Be7 $16 15. exd5 O-O) 15. exd5 $18 Nxd5 16. Bf2 Nxc3 (16... Be7 {keeps fighting.} 17. c4 Nc3) 17. Qe1 Bd6 {[%emt 0:02:27] [#]} (17... f6 $142 18. Bh5+ Kd7) 18. Nc4 $1 {[%emt 0:03:44][%mdl 576] Discovered Attack, Deflection. White is clearly winning.} Nxc4 (18... Bxf3 19. Nxd6+) 19. Bxc6+ ({Less strong is} 19. Qxc3 Bxf3 20. Qxf3 (20. Qxc4 Qg5 $11) 20... Nd2 21. Qxb7 Nxf1 $14) 19... bxc6 20. Qxc3 Na5 21. Rfd1 Nb7 (21... Qc7 $142 22. Rxd6 Qxd6 23. Qxa5 O-O 24. Qxa6 Qd7) 22. Rab1 Qc7 23. Rxb7 {[%emt 0:00:09][%mdl 64] Remove Defender, Deflection} Qxb7 24. Rxd6 O-O 25. h3 Qb1+ 26. Kh2 Qxa2 27. Rxc6 {[%emt 0:00:11][%cal Oc6c8] Hoping for Rc8!} Qd5 28. Rc8 Qd7 29. Rxf8+ Kxf8 30. Qxe5 {[%emt 0:00:13] Threatening mate with Bc5+.} h5 31. c4 {[%emt 0:00:33] White threatens f6 and mate.} f6 32. Bc5+ {[%emt 0:00:18] Weighted Error Value: White=0.42/Black=0.65} 1-0

[Event "10th Cherry Blossom Classic 2023"]
[Site "Dulles"]
[Date "2023.05.30"]
[Round "9.10"]
[White "Senft, Sean"]
[Black "Michelle Catherina, P."]
[Result "0-1"]
[ECO "D38"]
[WhiteElo "2089"]
[BlackElo "2193"]
[Annotator "TA"]
[PlyCount "138"]
[EventDate "2023.05.24"]
[EventType "swiss"]
[EventCountry "USA"]
[SourceTitle "playchess.com"]
[Source "ChessBase"]
[SourceQuality "1"]
[TimeControl "5400+30"]

1. d4 Nf6 2. c4 e6 3. Nf3 d5 4. Nc3 Bb4 5. cxd5 exd5 6. Bg5 h6 7. Bh4 Nbd7 {[%emt 0:00:18] D38: Queen's Gambit Declined: Ragozin Defence (4 Nf3 Bb4).} 8. e3 g5 9. Bg3 Ne4 {[%emt 0:00:11] The position is equal.} 10. Rc1 h5 11. h3 Nxg3 12. fxg3 Qe7 13. Kf2 {[%emt 0:05:09] [#]} (13. a3 $1 $11 {remains equal.} Bxc3+ 14. Rxc3) 13... Nf6 $146 ({Predecessor:} 13... c6 14. Bd3 g4 15. Nh4 Nf6 16. Nf5 Bxf5 17. Bxf5 gxh3 18. Rxh3 Rg8 19. Qf3 Rd8 {½-½ Dragnev,V (2483)-Popov,V (2532) EU-ch rapid Skopje 2018 (3)}) 14. Bd3 c6 (14... g4 $17 15. Ne5 Bd6 16. Qa4+ Kf8) 15. Qc2 ({Better is} 15. Nxg5 $15 Rg8 16. Nf3) 15... g4 16. Nh4 gxh3 (16... Kd8 {feels hotter.} 17. Qe2 Rg8 18. Nf5 Bxf5 19. Bxf5 Kc7) 17. gxh3 Bd6 {[%emt 0:01:26][%cal Od6g3] Hoping for ...Bxg3+!} 18. Ne2 Ne4+ (18... Rg8 $17 19. Rcg1 Bd7) 19. Bxe4 $15 dxe4 20. Ng2 Bd7 (20... h4 {is more complex.} 21. g4 Bd7 22. d5 O-O-O) 21. Ngf4 O-O-O 22. a3 Kb8 23. b4 Rdg8 24. h4 Bg4 25. Rhg1 Bf3 26. Rb1 Rg4 ({Black should play} 26... a6 $17 27. Rbf1 Rg7) 27. b5 c5 (27... Bxa3 28. bxc6 b6 29. Nd5 $18) 28. b6 {[%emt 0:03:21] [#]} Bxe2 (28... a6 $1 $17 {aiming for ...Bxe2.} 29. dxc5 Bxc5) 29. bxa7+ $1 $11 Kxa7 ({Don't take} 29... Ka8 30. Nd5 Qe6 31. Nb6+ Kxa7 32. Kxe2 Rxg3 33. Rxg3 (33. dxc5 Qg4+ 34. Kd2 Rg2+ {[%mdl 64] Skewer} 35. Rxg2 Qxg2+ 36. Kd1 Qf3+ 37. Kd2 Qg2+ 38. Kd1 Qf3+ 39. Kd2 Qf2+ {[%mdl 64] Deflection} 40. Kc3 Qxc2+ 41. Kxc2 Bxc5 $17) (33. Qa4+ Kb8 $11) 33... Bxg3 34. Qa4+ (34. dxc5 $2 Rd8 $19) 34... Kb8 35. Rb5 $14 (35. dxc5 Qa2+ 36. Kd1 Qxb1+ 37. Kd2 Qb2+ 38. Kd1 Rd8+) (35. Qa8+ $2 Kc7 $19)) 30. Nxe2 {[%emt 0:02:49] Threatens to win with Rb5.} Rhg8 31. dxc5 Bxc5 32. Qb3 R8g6 (32... Bxa3 $2 33. Ra1 Kb8 34. Rxa3 $18) 33. Nd4 Bxd4 (33... Bxa3 $2 34. Ra1 Ra6 35. Rxa3 Rxa3 36. Nb5+ Kb8 37. Qxa3 $18) 34. Qa4+ $1 Kb8 35. Qxd4 Rd6 {[%emt 0:03:20] The board is on fire.} (35... Qxa3 {is a self mate.} 36. Qd8+ Ka7 37. Rxb7+ Kxb7 38. Rb1+) 36. Qh8+ Rd8 37. Qb2 Rg6 {[%emt 0:00:41] With the idea ...Rgd6.} 38. Rgd1 Rdg8 $36 {[%emt 0:00:13][%mdl 2048] Dodges Rxd8+. White is under pressure.} 39. Rg1 Rf6+ 40. Ke2 $1 Rf3 41. Qb4 Qxb4 42. Rxb4 {[%emt 0:00:06][%mdl 4096] Endgame KRR-KRR} (42. axb4 {simplifies} Rgxg3 43. Rxg3 Rxg3 44. Rf1) 42... f5 43. Rb5 Rc8 {[%emt 0:00:25] And now ...Rc2+ would win.} 44. Kd2 {[%emt 0:05:47][%mdl 8192] Repels Rc2+. Black continues to play with concentration.} (44. Rf1 $11 {and White is okay.} Rxg3 45. Rfxf5 (45. Rbxf5 $2 Rc2+ 46. Kd1 Ra2 $17)) 44... Rf2+ $19 45. Ke1 $2 (45. Kd1) 45... Ra2 46. Rb1 {[%emt 0:00:40] Prevents Rc1+.} Rc3 47. Rf1 Rxe3+ 48. Kd1 Rxg3 49. Ke1 Re3+ 50. Kd1 Rh3 51. Ke1 Rxh4 52. Rxf5 Rh1+ (52... e3 $142 53. a4 Kc7 54. Rf1 Rhh2 55. Rf7+ Kd8 56. Rf4 e2 57. Rd4+ Ke7 58. Rd2 Rh1+ {[%mdl 64] Skewer} 59. Kf2 Rxb1 60. Rxe2+ Rxe2+ 61. Kxe2 h4 62. Kf3 h3 63. Kg3 Rb3+ 64. Kh2 Kf6 65. Kg1 Rb2 66. a5 Ke5 67. a6 bxa6 68. Kh1 Kf5 69. Kg1 Kg4 70. Kh1 Kg3 71. Kg1 Rb1#) 53. Rf1 Rxf1+ 54. Kxf1 Rxa3 {[%emt 0:00:02] KR-KR} 55. Re1 e3 56. Ke2 Ka7 57. Rh1 Ka6 {[%emt 0:00:16][%cal Oh5h4] ( -> ...h4!)} 58. Rxh5 b5 59. Re5 Ka5 60. Re4 Rc3 61. Kd1 b4 62. Re8 Ka4 63. Ra8+ Kb3 64. Rb8 Ka3 (64... Rc4 $142 65. Ke2 Rc3 66. Kf3 Ka3 67. Ra8+ Kb2 68. Rh8 b3 69. Ke4 Kc1 70. Rh1+ Kd2 71. Rb1 e2 72. Rb2+ Kd1 73. Rb1+ Kc2 74. Rg1 Kd2 75. Rh1 e1=R+ 76. Rxe1 Kxe1 77. Kf5 b2 78. Ke5 b1=Q 79. Kd4 Qb4+ 80. Ke5 Rc5+ 81. Ke6 Qb6+ 82. Kf7 Rc7+ 83. Kg8 Qb8#) 65. Rb7 b3 {[%emt 0:00:07] Black mates.} 66. Ra7+ Kb2 67. Ra8 Kb1 68. Ra3 {[%emt 0:00:30] [#]} e2+ $1 {[%emt 0:00:48][%mdl 64] Deflection} 69. Kxe2 (69. Ke1 Kc2) 69... Kc2 {[%emt 0:00:03] Weighted Error Value: White=0.66/Black=0.25 (precise)} 0-1

[Event "10th Cherry Blossom Classic 2023"]
[Site "Dulles"]
[Date "2023.05.30"]
[Round "9.11"]
[White "Muzychuk, Anna"]
[Black "Ismayilova, Khanim"]
[Result "1/2-1/2"]
[ECO "B31"]
[WhiteElo "2504"]
[BlackElo "1562"]
[Annotator "TA"]
[PlyCount "79"]
[EventDate "2023.05.24"]
[EventType "swiss"]
[EventCountry "USA"]
[SourceTitle "playchess.com"]
[Source "ChessBase"]
[SourceQuality "1"]
[TimeControl "5400+30"]

1. e4 c5 2. Nf3 Nc6 3. Bb5 g6 4. Bxc6 dxc6 5. d3 Bg7 6. h3 Nf6 7. O-O O-O 8. Nc3 Be6 {[%emt 0:08:15] B31: Sicilian: 2...Nc6 3 Bb5 g6.} 9. Be3 c4 10. d4 b5 {[%emt 0:02:09] [#] White is slightly better.} 11. Ng5 $146 ({Predecessor:} 11. a3 a5 12. Ng5 Bd7 13. e5 Nd5 14. Qd2 Bf5 15. g4 Bc8 16. Nge4 f5 17. exf6 exf6 18. Nxd5 Qxd5 {½-½ Ameir,M (2431)-Bayramov,E (2263) Baku op 2016 (5)}) 11... Bd7 12. e5 (12. Re1 $14) 12... Nd5 $11 13. Nge4 Be6 (13... f5 $11 14. exf6 Nxe3 15. fxe3 exf6) 14. Nc5 $14 Nxc3 15. bxc3 Bd5 16. Qd2 f6 17. e6 $1 Qc8 18. Bh6 (18. Rfe1 $14) 18... Bxh6 $11 (18... Bxe6 19. Rae1 Bd5 20. Bxg7 (20. Rxe7 Rf7 $14) 20... Kxg7 21. Rxe7+ Rf7 22. Rfe1 $14) 19. Qxh6 Qc7 20. h4 (20. a4 {is interesting.} a5 21. Rfe1 Qd6 22. Nd7) 20... Kh8 21. Rfe1 (21. Qe3 $11) 21... Rg8 (21... g5 {with more complications.} 22. hxg5 Rg8 23. gxf6 Rxg2+ 24. Kf1 Rg6) 22. Ne4 Bxe4 23. Rxe4 Qd6 24. Qe3 a5 25. f4 ({White should play} 25. Qc1) 25... Qa3 $17 26. Qf3 Qb2 (26... Rgd8 $142 27. Ree1 b4) 27. Ree1 Qxc2 28. Rac1 (28. Re2 $17 {might work better.} Qf5 29. Qxc6) 28... Qd3 (28... Qxa2 $19 {has better winning chances.} 29. Qxc6 Rab8) 29. Qxc6 ({White should try} 29. Qxd3 cxd3 30. Rcd1) 29... b4 30. d5 bxc3 (30... Rac8 $17 31. Qd7 Rge8) 31. Rcd1 (31. Qc5 $11 {was the only way to keep the balance.}) 31... Qg3 (31... Rac8 $17 32. Qb6 Qf5 33. Qxa5 c2) 32. d6 $15 exd6 (32... Qxh4 33. d7 $11) 33. e7 c2 (33... Qxh4 $2 34. e8=Q Raxe8 35. Rxe8 Qxf4 36. Re2 $18 (36. Qxd6 $2 Qxd6 37. Rxd6 Rxe8 $19)) 34. Rc1 {[%emt 0:00:15] [#]} Qxf4 (34... Qxh4 $2 35. e8=Q Raxe8 36. Rxe8 Qxf4 37. Rxg8+ (37. Rxc2 Qd4+ 38. Rf2 Qd1+ 39. Kh2 Qh5+ 40. Kg3 Qg5+ 41. Kf3 Qh5+ 42. Ke4 Qg4+ 43. Ke3 Qg3+ 44. Ke2 Qd3+ 45. Ke1 Qb1+ 46. Ke2 Qd3+ 47. Ke1 Qb1+ 48. Kd2 Qb2+ 49. Ke3 Qc3+ 50. Kf4 g5+ 51. Kg4 Qd4+ 52. Kf3 h5 $18) 37... Kxg8 38. Qd5+ (38. Rxc2 Qd4+ 39. Rf2 Qd1+ 40. Rf1 Qd4+ 41. Kh2 Qh4+ 42. Kg1 Qd4+ 43. Kh2 Qh4+ 44. Kg1 Qd4+ $11) (38. Qe8+ Kg7 $16) 38... Kg7 39. Rxc2 $18) (34... Rge8 $1 $17 {...Qd3 is the strong threat.} 35. Qxd6 Qxh4) 35. Rxc2 $11 {[%emt 0:00:07][%cal Bc1c2,Bc2f2,Bf2f6][%mdl 32] The position is equal.} Qd4+ 36. Rf2 Rae8 (36... Qxh4 $2 37. e8=Q (37. e8=B Rb8 $16) 37... Raxe8 38. Rxe8 $18) 37. Re4 {[%emt 0:01:09] Repels f5} Qc5 38. Qxc5 ({Reject} 38. Rxc4 Qxc6 39. Rxc6 Rxe7 $15) 38... dxc5 39. Rxf6 Rg7 40. Rf8+ {[%emt 0:02:26] Weighted Error Value: White=0.27 (precise) /Black=0.22 (precise)} 1/2-1/2